 Dungeon Crawl Stone Soup version 0.31-a0-112-gdf0485fa37 (webtiles) character file.

Game seed: 15269788201292160959

7083 porpoise the Prestidigitator (level 11, -10/89 HPs)
             Began as a Gnoll Wanderer on May 29, 2023.
             Was a Follower of Ashenzari.
             Mangled by a two-headed ogre
             ... wielding a +0 giant club
              (26 damage)
             ... on level 9 of the Dungeon.
             The game lasted 00:36:00 (9879 turns).

porpoise the Prestidigitator (Gnoll Wanderer)       Turns: 9879, Time: 00:36:01

Health: -10/89     AC: 10    Str: 13    XL:     11   Next: 9%
Magic:  22/22      EV: 14    Int: 11    God:    Ashenzari [*.....]
Gold:   593        SH:  5    Dex: 15    Spells: 24/24 levels left

rFire   + . .        a - +2 dagger (venom)
rCold   . . .        (no shield)
rNeg    . . .        A - +2 leather armour {rF+}
rPois   .            v - +1 helmet "Negation of Ashenzari" {Self, Comp} (curse)
rElec   .            J - +0 cloak
rCorr   .            (no gloves)
SInv    .            I - +0 pair of boots of the Shackled Sphere {Comp, Self} (curse)
Will    .....        q - amulet of reflection
Stlth   +++          (no ring)
HPRegen 0.34/turn    (no ring)
MPRegen 0.18/turn

%: reflection
@: no status effects
A: fangs 1, strong nose, distributed training
a: Renounce Religion, Shatter the Chains


You were on level 9 of the Dungeon.
You worshipped Ashenzari.
Ashenzari was aware of your devotion.
You visited 1 branch of the dungeon, and saw 9 of its levels.

You collected 593 gold pieces.

Inventory:

Hand Weapons
 a - a +2 dagger of venom (weapon)
 b - a +0 sling
 i - a +0 dagger of electrocution
 m - a +0 scimitar
 B - a +4 short sword
 G - a +1 short sword of holy wrath
Missiles
 e - 11 poisoned darts
 f - 6 atropa-tipped darts
 s - 4 boomerangs (quivered)
Armour
 v - the cursed +1 helmet "Negation of Ashenzari" (worn) {Self, Comp}
   (You found it on level 3 of the Dungeon)

   It has a curse which improves the following skills: Introspection: Fighting
   and Spellcasting.
   Companions: Summonings and Necromancy.
 A - a +2 leather armour of fire resistance (worn)
 I - the cursed +0 pair of boots of the Shackled Sphere (worn) {Comp, Self}
   (You found it on level 7 of the Dungeon)

   It has a curse which improves the following skills: Companions: Summonings
   and Necromancy.
   Introspection: Fighting and Spellcasting.
 J - a +0 cloak (worn)
 K - the +0 kite shield of Weightlessness {rC+}
   (You found it on level 8 of the Dungeon)

   rC:        It protects you from cold.
Jewellery
 q - an amulet of reflection (around neck)
Wands
 j - a wand of charming (28)
 D - a wand of light (8)
 M - a wand of roots (15)
Scrolls
 d - 5 scrolls of fog
 k - a scroll of teleportation
 n - a scroll of brand weapon
 o - 3 scrolls of poison
 r - a scroll of fear
 t - a scroll of magic mapping
 w - a scroll of blinking
 y - 3 scrolls of vulnerability
 C - a scroll of enchant armour
 E - a scroll of amnesia
 F - a scroll of torment
 H - a scroll of butterflies
 L - a scroll of noise
Potions
 c - a potion of berserk rage
 g - 3 potions of might
 h - a potion of resistance
 l - a potion of magic
 p - 3 potions of brilliance
 u - 2 potions of attraction
 x - 2 potions of heal wounds
 z - a potion of mutation
 O - a potion of lignification
Miscellaneous
 N - a lightning rod (inert)


   Skills:
 + Level 7.8(9.0) Fighting
 + Level 7.8 Short Blades
 + Level 6.2 Long Blades
 + Level 6.2 Axes
 + Level 6.2 Maces & Flails
 + Level 6.2 Polearms
 + Level 6.2 Staves
 + Level 6.2 Ranged Weapons
 + Level 6.2 Throwing
 + Level 6.2 Armour
 + Level 6.2 Dodging
 + Level 6.2 Stealth
 + Level 6.2 Shields
 + Level 6.2 Unarmed Combat
 + Level 6.2(7.4) Spellcasting
 + Level 5.1 Conjurations
 + Level 5.1 Hexes
 + Level 5.1(6.3) Summonings
 + Level 5.1(6.3) Necromancy
 + Level 5.1 Translocations
 + Level 5.1 Transmutations
 + Level 5.1 Fire Magic
 + Level 5.1 Ice Magic
 + Level 5.1 Air Magic
 + Level 5.1 Earth Magic
 + Level 5.1 Poison Magic
 + Level 7.3 Invocations
 + Level 12.1 Evocations


You had 24 spell levels left.
You didn't know any spells.
Your spell library contained the following spells:

 Spells                   Type           Power      Damage    Failure   Level
 Magic Dart               Conj           60%        1d6       2%          1
 Searing Ray              Conj           30%        2d5       3%          2
 Stone Arrow              Conj/Erth      30%        3d8       8%          3
 Animate Armour           Summ/Erth      32%        N/A       21%         4
 Fulminant Prism          Conj/Hex       7%         3d7       26%         4
 Lehudib's Crystal Spear  Conj/Erth      7%         10d3      100%        8


Dungeon Overview and Level Annotations

Branches:
Dungeon (9/15)             Temple (0/1) D:6            Lair (0/5) D:8
    Orc (0/2) D:9

Altars:
Ashenzari
Cheibriados
Gozag
Hepliaklqana
Makhleb
Okawaru
Sif Muna
Trog
Uskayaw

Shops:
D:6 !


Innate Abilities, Weirdness & Mutations

You have very sharp teeth.
Your uncanny sense of smell can sniff out nearby items.
Your experience applies equally to all skills.


Message History

You now have 525 gold pieces (gained 15).
You now have 543 gold pieces (gained 18).
You now have 556 gold pieces (gained 13).
You now have 564 gold pieces (gained 8).
You now have 581 gold pieces (gained 17).
There is an open door here.
Items here: )) [ ÷÷.
Items here: ))) [ ÷÷.
Items here: )))))))))))) [[[[[ ÷÷÷÷.
Items here: )) [ ÷.
There is a broken door here.
As you open the door, it creaks loudly!
There is an open door here.
You open the door.
There is an open door here.
You now have 593 gold pieces (gained 12).
You open the door.
There is an open door here.
There is an open door here.
You open the door.
A howler monkey and a white ugly thing come into view.
The white ugly thing gurgles horribly!
The white ugly thing moves out of view.
The white ugly thing trunk-slaps you! The white ugly thing freezes you!!
There is an open door here.
The howler monkey howls!
You hit the white ugly thing but do no damage.
The white ugly thing trunk-slaps you! The white ugly thing freezes you!!
* * * LOW HITPOINT WARNING * * *
You are too injured to fight recklessly!
Unknown command.
The white ugly thing attacks as you move away!
The white ugly thing barely misses you.
As you read the scroll of teleportation, it crumbles to dust.
You feel strangely unstable. The white ugly thing misses you.
Your surroundings suddenly seem different.
A two-headed ogre comes into view. It is wielding two +0 giant clubs.
The two-headed ogre shouts in stereo!
The two-headed ogre hits you with a +0 giant club!!
You die...

#.u.....
##......
#......
####'## #.#
#.## #..#
######+####
##.#
#..@O.....#
#####+#
+.........+
#<.....
#.........#
#.)....
#.........#
#).)...
#.........#
#).....
#.........#
+......
#.........#
#......
###########
#......
#######


You could see a two-headed ogre.

Vanquished Creatures
  A two-headed ogre (D:9)
  A rime drake (D:8)
  Prince Ribbit (D:7)
  Sigmund (D:2)
  11 yaks
  An acid dragon (D:9)
  A water moccasin (D:7)
  6 orc warriors
  8 ice beasts
  2 black bears (D:6)
  2 ogres
  A wolf (D:8)
  3 centaurs
  2 kobold brigands
  3 phantoms
  4 bullfrogs
  2 scorpions (D:6)
  3 wights (D:7)
  6 killer bees (D:7)
  5 hounds
  2 jellies
  5 orc priests
  An iron imp (D:4)
  Crazy Yiuf (D:7)
  4 iguanas
  A sleepcap (D:6)
  9 orc wizards
  6 adders
  2 shadow imps
  A white imp (D:8)
  An ufetubus (D:7)
  3 dart slugs
  50 orcs
  13 ball pythons
  8 bats
  10 endoplasms
  2 giant cockroaches
  9 goblins
  4 hobgoblins
  2 jackals (D:2)
  2 quokkas
  4 frilled lizards
  10 kobolds
  5 rats
219 creatures vanquished.

Vanquished Creatures (others)
  2 orcs (D:6)
2 creatures vanquished.

Grand Total: 221 creatures vanquished

Notes
Turn   | Place    | Note
-------+----------+-------------------------------------------
     0 | D:1      | Reached skill level 10 in Evocations
     0 | D:1      | porpoise the Gnoll Wanderer began the quest for the Orb.
     0 | D:1      | porpoise set off with the following items: a +1 short
                  | sword, a wand of charming (15), a potion of berserk rage, a
                  | +0 robe.
     0 | D:1      | Reached XP level 1. HP: 20/20 MP: 2/2
   152 | D:1      | Reached XP level 2. HP: 26/26 MP: 3/3
   581 | D:1      | Reached XP level 3. HP: 28/31 MP: 4/4
  1211 | D:2      | Reached skill level 1 in Long Blades
  1211 | D:2      | Reached skill level 1 in Axes
  1211 | D:2      | Reached skill level 1 in Maces & Flails
  1211 | D:2      | Reached skill level 1 in Polearms
  1211 | D:2      | Reached skill level 1 in Staves
  1211 | D:2      | Reached skill level 1 in Ranged Weapons
  1211 | D:2      | Reached skill level 1 in Throwing
  1211 | D:2      | Reached skill level 1 in Armour
  1211 | D:2      | Reached skill level 1 in Dodging
  1211 | D:2      | Reached skill level 1 in Stealth
  1211 | D:2      | Reached skill level 1 in Shields
  1211 | D:2      | Reached skill level 1 in Unarmed Combat
  1211 | D:2      | Reached skill level 1 in Spellcasting
  1302 | D:2      | Noticed Sigmund
  1308 | D:2      | Reached XP level 4. HP: 37/38 MP: 6/6
  1320 | D:2      | Killed Sigmund
  1321 | D:2      | Reached skill level 1 in Conjurations
  1321 | D:2      | Reached skill level 1 in Hexes
  1321 | D:2      | Reached skill level 1 in Summonings
  1321 | D:2      | Reached skill level 1 in Necromancy
  1321 | D:2      | Reached skill level 1 in Translocations
  1321 | D:2      | Reached skill level 1 in Transmutations
  1321 | D:2      | Reached skill level 1 in Fire Magic
  1321 | D:2      | Reached skill level 1 in Ice Magic
  1321 | D:2      | Reached skill level 1 in Air Magic
  1321 | D:2      | Reached skill level 1 in Earth Magic
  1321 | D:2      | Reached skill level 1 in Poison Magic
  1321 | D:2      | Reached XP level 5. HP: 10/43 MP: 7/7
  1732 | D:3      | Reached XP level 6. HP: 18/50 MP: 8/8
  2048 | D:3      | Reached skill level 5 in Fighting
  2048 | D:3      | Reached skill level 5 in Short Blades
  2497 | D:3      | Found a broken altar of Ashenzari.
  2497 | D:3      | Found a hazy altar of Hepliaklqana.
  2503 | D:3      | Became a worshipper of Ashenzari the Shackled
  3207 | D:4      | Found a burning altar of Makhleb.
  3211 | D:4      | Found a shimmering blue altar of Sif Muna.
  3442 | D:4      | Found a snail-covered altar of Cheibriados.
  3595 | D:4      | Reached XP level 7. HP: 29/56 MP: 10/10
  3694 | D:4      | Found a hide-covered altar of Uskayaw.
  3914 | D:5      | Entered Level 5 of the Dungeon
  3930 | D:5      | Reached * piety under Ashenzari
  4407 | D:5      | Reached XP level 8. HP: 59/64 MP: 13/13
  4708 | D:6      | Found an opulent altar of Gozag.
  4814 | D:6      | Reached skill level 11 in Evocations
  5091 | D:6      | Found Gaczasin's Distillery.
  5313 | D:6      | Reached skill level 5 in Invocations
  5364 | D:6      | Found a staircase to the Ecumenical Temple.
  5404 | D:6      | Reached XP level 9. HP: 71/71 MP: 15/15
  5426 | D:6      | Found an iron altar of Okawaru.
  5644 | D:6      | Found a bloodstained altar of Trog.
  6055 | D:7      | Noticed Prince Ribbit
  6289 | D:7      | Killed Prince Ribbit
  6971 | D:7      | Found a runed translucent door.
  6972 | D:7      | Noticed Crazy Yiuf
  7097 | D:7      | Reached skill level 5 in Long Blades
  7097 | D:7      | Reached skill level 5 in Axes
  7097 | D:7      | Reached skill level 5 in Maces & Flails
  7097 | D:7      | Reached skill level 5 in Polearms
  7097 | D:7      | Reached skill level 5 in Staves
  7097 | D:7      | Reached skill level 5 in Ranged Weapons
  7097 | D:7      | Reached skill level 5 in Throwing
  7097 | D:7      | Reached skill level 5 in Armour
  7097 | D:7      | Reached skill level 5 in Dodging
  7097 | D:7      | Reached skill level 5 in Stealth
  7097 | D:7      | Reached skill level 5 in Shields
  7097 | D:7      | Reached skill level 5 in Unarmed Combat
  7097 | D:7      | Reached skill level 5 in Spellcasting
  7097 | D:7      | Reached XP level 10. HP: 46/75 MP: 18/18
  7788 | D:7      | Killed Crazy Yiuf
  7868 | D:8      | Identified the +0 kite shield of Weightlessness {rC+}
  7986 | D:8      | Found a staircase to the Lair.
  8595 | D:8      | Reached ** piety under Ashenzari
  9326 | D:9      | Noticed a two-headed ogre
  9328 | D:9      | Killed a two-headed ogre
  9578 | D:9      | Reached skill level 12 in Evocations
  9592 | D:9      | Reached skill level 5 in Conjurations
  9592 | D:9      | Reached skill level 5 in Hexes
  9592 | D:9      | Reached skill level 5 in Summonings
  9592 | D:9      | Reached skill level 5 in Necromancy
  9592 | D:9      | Reached skill level 5 in Translocations
  9592 | D:9      | Reached skill level 5 in Transmutations
  9592 | D:9      | Reached skill level 5 in Fire Magic
  9592 | D:9      | Reached skill level 5 in Ice Magic
  9592 | D:9      | Reached skill level 5 in Air Magic
  9592 | D:9      | Reached skill level 5 in Earth Magic
  9592 | D:9      | Reached skill level 5 in Poison Magic
  9592 | D:9      | Reached XP level 11. HP: 43/87 MP: 21/21
  9788 | D:9      | Found a staircase to the Orcish Mines.
  9871 | D:9      | Noticed a white ugly thing
  9877 | D:9      | Noticed a two-headed ogre
  9879 | D:9      | Mangled by a two-headed ogre

Illustrated notes

Levels and vault maps discovered:
D:1:      onia_arrival_handbag, layout_basic,
          nicolae_concentric_dashed_squares_wild, minivault_25,
          hangedman_decor_push, minmay_domino_2
D:2:      layout_rooms, uniq_sigmund
D:3:      layout_loops_ring, nicolae_overflow_two_pavilions
D:4:      layout_basic, slow_altar_2, nicolae_uskayaw_suspiria, minitemple,
          minmay_stone_trees_small, minmay_door_square,
          dreamdust_princess_corridor, glass_columns_a
D:5:      layout_gridville, grunt_ministairs_13
D:6:      layout_loops_ring, lemuel_doored_altar, marbit_many_paths,
          mainiacjoe_overflow_paths, temple_fountains, serial_shops, shop
D:7:      layout_loops_cross, uniq_prince_ribbit1, uniq_crazy_yiuf_cottage
D:8:      layout_basic, hellmonk_lair_entry_icy
D:9:      layout_roguey, hiddenorc1_lemuel, kennysheep_generic_room_14

Skill      XL: |  1  2  3  4  5  6  7  8  9 10 |
---------------+-------------------------------+-----
Evocations     | 11 12 | 12.1
Long Blades    | 1 2 3 5 6 |  6.2
Axes           | 1 2 3 5 6 |  6.2
Maces & Flails | 1 2 3 5 6 |  6.2
Polearms       | 1 2 3 5 6 |  6.2
Staves         | 1 2 3 5 6 |  6.2
Ranged Weapons | 1 2 3 5 6 |  6.2
Throwing       | 1 2 3 5 6 |  6.2
Armour         | 1 2 3 5 6 |  6.2
Dodging        | 1 2 3 5 6 |  6.2
Stealth        | 1 2 3 5 6 |  6.2
Shields        | 1 2 3 5 6 |  6.2
Unarmed Combat | 1 2 3 5 6 |  6.2
Spellcasting   | 1 2 3 5 6 |  6.2
Conjurations   | 1 2 3 4 5 |  5.1
Hexes          | 1 2 3 4 5 |  5.1
Summonings     | 1 2 3 4 5 |  5.1
Necromancy     | 1 2 3 4 5 |  5.1
Translocations | 1 2 3 4 5 |  5.1
Transmutations | 1 2 3 4 5 |  5.1
Fire Magic     | 1 2 3 4 5 |  5.1
Ice Magic      | 1 2 3 4 5 |  5.1
Air Magic      | 1 2 3 4 5 |  5.1
Earth Magic    | 1 2 3 4 5 |  5.1
Poison Magic   | 1 2 3 4 5 |  5.1
Invocations    | 3 4 5 6 7 |  7.3
Fighting       | 5 6 7 |  7.8
Short Blades   | 5 6 7 |  7.8

Action                     |  1- 3 |  4- 6 |  7- 9 | 10-12 || total
---------------------------+-------+-------+-------+-------++-------
  Melee: Short sword       |    68 |       |    32 |     5 ||   105
         Bite              |    12 |    10 |    64 |    64 ||   150
         Dagger            |    42 |   130 |   428 |   341 ||   941
         Punch             |     1 |     3 |    15 |    12 ||    31
         Scimitar          |       |     3 |       |       ||     3
   Fire: Sling             |       |    36 |    12 |       ||    48
  Throw: Boomerang         |       |       |     4 |     3 ||     7
 Invoke: Curse Item        |       |     1 |     1 |     1 ||     3
         Shatter the Chain |       |       |       |     1 ||     1
  Evoke: Wand              |       |       |     2 |     1 ||     3
         Lightning rod     |       |       |       |     4 ||     4
    Use: Scroll            |       |     9 |       |     1 ||    10
         Potion            |       |       |     1 |     4 ||     5
   Stab: Sleeping          |     5 |     2 |    12 |     7 ||    26
         Distracted        |       |     1 |       |       ||     1
         Invisible         |       |       |       |     1 ||     1
 Armour: Robe              |    26 |     1 |       |       ||    27
         Ring mail         |       |    27 |    88 |    33 ||   148
         Leather armour    |       |       |       |    21 ||    21
  Dodge: Dodged            |    72 |    44 |   136 |    99 ||   351
  Block: Other             |       |    14 |    63 |    34 ||   111
         Reflection        |       |     2 |     1 |     1 ||     4
         Kite shield       |       |       |       |    17 ||    17

Table legend: (Time is in decaauts)
 A = Elapsed time spent in this place.
 B = Non-inter-level travel time spent in this place.
 C = Inter-level travel time spent in this place.
 D = Time resting spent in this place.
 E = Time spent auto-exploring this place.
 F = Levels seen in this place.
 G = Mean time per level.
                   A        B        C        D        E       F      G
               +--------+--------+--------+--------+--------+-----+--------+
         Total |   9544 |   9120 |    424 |   2819 |   4342 |   9 | 1060.4 |
       Dungeon |   9544 |   9120 |    424 |   2819 |   4342 |   9 | 1060.4 |
               +--------+--------+--------+--------+--------+-----+--------+

Top non-repeatable levels by time:
     D:7: 1677 daAuts
     D:6: 1347 daAuts
     D:4: 1068 daAuts
     D:8: 1034 daAuts
     D:3: 1027 daAuts
     D:1: 957 daAuts
     D:9: 850 daAuts
     D:2: 809 daAuts
     D:5: 772 daAuts
